 Dungeon Sprint DCSS version 0.25.1-2-g60ff931df9 (webtiles) character file.

Game seed: 14826932871142563119

1253 funkygono the Protected (level 8, 0/82 HPs)
             Began as a Minotaur Fighter on Sept 5, 2020.
             Was a Follower of Okawaru.
             Slain by a demonic crawler (8 damage)
             ... in the Dungeon (Sprint I: "Red Sonja").
             The game lasted 00:02:38 (1110 turns).

funkygono the Protected (Minotaur Fighter)          Turns: 1110, Time: 00:02:39

Health: 0/82       AC:  9    Str: 23    XL:     8   Next: 26%
Magic:  7/7        EV: 11    Int:  5    God:    Okawaru [*.....]
Gold:   440        SH: 12    Dex: 10    Spells: 7/7 levels left

rFire    . . .     SeeInvis .   a - +0 flail
rCold    . . .     Gourm    .   c - +0 kite shield
rNeg     . . .     Faith    .   b - +0 scale mail
rPois    .         Spirit   .   (helmet restricted)
rElec    .         Reflect  .   (no cloak)
rCorr    .         Harm     .   (no gloves)
MR       .....     NoTele   +   (no boots)
Stlth    ..........             (no amulet)
HPRegen  0.23/turn              (no ring)
MPRegen  0.10/turn              (no ring)

@: no status effects
A: retaliatory headbutt, horns 2
a: Heroism, Renounce Religion


You were in the Dungeon.
You worshipped Okawaru.
Okawaru was aware of your devotion.
You were hungry.

You visited 1 branch You collected 440 gold pieces.

Inventory:

Hand Weapons
 a - a +0 flail (weapon)
Armour
 b - a +0 scale mail (worn)
 c - a +0 kite shield (worn)
Scrolls
 k - a scroll of blinking
Potions
 e - a potion of curing
 h - a potion of haste
 i - 2 potions of magic
Comestibles
 f - a ration


   Skills:
 + Level 11.0 Fighting
 + Level 11.0 Maces & Flails
 + Level 11.3 Armour
 + Level 3.6 Dodging
 + Level 1.1 Stealth
 + Level 11.2 Shields


You had 7 spell levels left.
You didn't know any spells.
Your spell library was empty.

Dungeon Overview and Level Annotations

Branches:
Dungeon (1/1)

Altars:
Cheibriados
Dithmenos
Elyvilon
Fedhas
Gozag
Hepliaklqana
Kikubaaqudgha
Makhleb
Nemelex Xobeh
Okawaru
Qazlal
Ru
Sif Muna
Trog
Uskayaw
Vehumet
Wu Jian
Xom
Yredelemnul
Zin
The Shining One
Jiyva
Lugonu

Shops:
D :


Innate Abilities, Weirdness & Mutations

You reflexively headbutt those who attack you in melee.
You have a pair of horns on your head.


Message History

You block the demonic crawler's attack.
The demonic crawler hits you but does no damage. x2
The demonic crawler hits you.
The demonic crawler hits you but does no damage.
There is an open door, spattered with blood here.
You block the demonic crawler's attack. The demonic crawler hits you.
You block the demonic crawler's attack. The demonic crawler misses you. x2
The demonic crawler hits you! The demonic crawler hits you! x2
* * * LOW HITPOINT WARNING * * *
The demonic crawler hits you but does no damage.
The demonic crawler hits you!
* * * LOW HITPOINT WARNING * * *
The demonic crawler hits you.
* * * LOW HITPOINT WARNING * * *
The demonic crawler hits you but does no damage.
There is an open door, spattered with blood here.
There is an open door here.
The demonic crawler closely misses you. The demonic crawler hits you!
You die...

##########################
#<.#..').#..'..#__#.)'...#
#..'[.#..').#.ss..').#§s.#
#..#####'#####s#__####
..'. #..####..#...#@####
##. #..#__####..##.#
#..#_____##'#_.+
#⌠⌠#_.∩...÷..._#
####_..__##_.#+#
#_____###+# #######


You could see 3 demonic crawlers.

Vanquished Creatures
  2 kobold demonologists (D)
  A slime creature (D)
  Sigmund (D)
  A yak (D)
  A floating eye (D)
  An ogre (D)
  A jelly (D)
  Ijyb (D)
9 creatures vanquished.

Vanquished Creatures (others)
  A gargoyle (D)
1 creature vanquished.

Grand Total: 10 creatures vanquished

Notes
Turn   | Place    | Note
-------+----------+-------------------------------------------
     0 | D        | funkygono the Minotaur Fighter began the quest for the Orb.
     0 | D        | Reached XP level 1. HP: 19/19 MP: 0/0
     1 | D        | Noticed Ijyb
    20 | D        | Killed Ijyb
    20 | D        | Reached skill level 5 in Fighting
    20 | D        | Reached skill level 5 in Armour
    20 | D        | Reached skill level 5 in Shields
    20 | D        | Reached XP level 2. HP: 26/29 MP: 1/1
    47 | D        | Noticed an ogre
    52 | D        | Killed an ogre
    52 | D        | Reached skill level 5 in Maces & Flails
    52 | D        | Reached skill level 1 in Dodging
    52 | D        | Reached XP level 3. HP: 31/38 MP: 2/2
    52 | D        | Reached XP level 4. HP: 36/45 MP: 3/3
   117 | D        | Noticed Sigmund
   127 | D        | Killed Sigmund
   127 | D        | Reached XP level 5. HP: 39/56 MP: 4/4
   234 | D        | Found an ornate altar of the Wu Jian Council.
   234 | D        | Found a shimmering blue altar of Sif Muna.
   236 | D        | Found a radiant altar of Vehumet.
   240 | D        | Reached XP level 6. HP: 38/62 MP: 5/5
   350 | D        | Killed a gargoyle
   380 | D        | Found Qauth's Book Emporium.
   380 | D        | Found an ancient bone altar of Kikubaaqudgha.
   380 | D        | Found a hazy altar of Hepliaklqana.
   380 | D        | Found a stormy altar of Qazlal.
   380 | D        | Found a hide-covered altar of Uskayaw.
   380 | D        | Found a blossoming altar of Fedhas.
   380 | D        | Found a bloodstained altar of Trog.
   380 | D        | Found an iron altar of Okawaru.
   380 | D        | Found a basalt altar of Yredelemnul.
   380 | D        | Found a glowing golden altar of the Shining One.
   380 | D        | Found a snail-covered altar of Cheibriados.
   380 | D        | Found a sacrificial altar of Ru.
   380 | D        | Found a glowing silver altar of Zin.
   380 | D        | Found a shadowy altar of Dithmenos.
   380 | D        | Found a white marble altar of Elyvilon.
   380 | D        | Noticed a yak
   390 | D        | Killed a yak
   391 | D        | Found an opulent altar of Gozag.
   544 | D        | Found a sparkling altar of Nemelex Xobeh.
   550 | D        | Became a worshipper of Warmaster Okawaru
   565 | D        | Found a burning altar of Makhleb.
   565 | D        | Found a viscous altar of Jiyva.
   565 | D        | Found a shimmering altar of Xom.
   565 | D        | Found a corrupted altar of Lugonu.
   565 | D        | Noticed a slime creature
   580 | D        | Killed a slime creature
   580 | D        | Reached skill level 10 in Fighting
   580 | D        | Reached skill level 10 in Armour
   580 | D        | Reached skill level 10 in Shields
   580 | D        | Reached XP level 7. HP: 43/72 MP: 6/6
   725 | D        | Noticed a kobold demonologist
   725 | D        | Noticed a kobold demonologist
   731 | D        | Paralysed by a floating eye for 3 turns
   735 | D        | Noticed a red devil
   736 | D        | Paralysed by a floating eye for 2 turns
   741 | D        | Noticed a soul eater
   743 | D        | Noticed a chaos spawn
   747 | D        | Noticed a red devil
   748 | D        | Noticed an ice devil
   750 | D        | Killed a kobold demonologist
   750 | D        | Reached * piety under Okawaru
   750 | D        | Reached skill level 10 in Maces & Flails
   751 | D        | Noticed a demonic crawler
   751 | D        | Noticed a demonic crawler
   751 | D        | Noticed a demonic crawler
   753 | D        | Noticed a demonic crawler
   756 | D        | Noticed a hellwing
   757 | D        | HP: 2/109 [hellwing[a kobold demonologist] (8)]
   758 | D        | Killed a kobold demonologist
   758 | D        | Reached skill level 1 in Stealth
   758 | D        | Reached XP level 8. HP: 2/82 MP: 7/7
  1110 | D        | Slain by a demonic crawler

Illustrated notes

Levels and vault maps discovered:
D:        dungeon_sprint_1 [red_sonja_temple_1, red_sonja_temple_small_1]

Skill      XL: |  1  2  3  4  5  6  7 |
---------------+----------------------+-----
Fighting       | 5 6 8 10 11 | 11.0
Maces & Flails | 3 5 6 8 11 | 11.0
Armour         | 5 6 8 10 11 | 11.3
Shields        | 5 6 8 10 11 | 11.2
Dodging        | 1 2 3 |  3.6
Stealth        | 1 |  1.1

Action                   |  1- 3 |  4- 6 |  7- 9 || total
-------------------------+-------+-------+-------++-------
Melee: Flail             |    22 |    36 |    22 ||    80
       Headbutt          |     1 |     9 |     5 ||    15
  Use: Potion            |       |       |     3 ||     3
 Stab: Invisible         |       |       |     1 ||     1
Armor: Scale mail        |    10 |     6 |    13 ||    29
Dodge: Dodged            |     9 |     3 |    24 ||    36
Block: Kite shield       |     6 |    10 |    21 ||    37
